 Dungeon Crawl Stone Soup version 0.21.1-1-g345015f (webtiles) character file.

424 Supreme the Digger (level 6, -9/34 HPs)
             Began as a Gargoyle Earth Elementalist on Apr 2, 2018.
             Mangled by an ogre
             ... wielding a +0 giant club
              (18 damage)
             ... on level 4 of the Dungeon.
             The game lasted 00:50:49 (2876 turns).

Supreme the Digger (Gargoyle Earth Elementalist)    Turns: 2876, Time: 00:50:49

Health: -9/34      AC:  9    Str: 11    XL:     6   Next: 96%
Magic:  7/11       EV: 12    Int: 18    God:
Gold:   208        SH:  0    Dex: 10    Spells: 2/12 levels left

rFire    + . .     SeeInvis .   b - +0 flail
rCold    . . .     Gourm    .   (no shield)
rNeg     + . .     Faith    .   g - +2 robe {rF+}
rPois    ∞         Spirit   .   H - +0 helmet
rElec    +         Reflect  .   (no cloak)
rCorr    .         Harm     .   (no gloves)
MR       .....                  (no boots)
Stlth    ++........             (no amulet)
HPRegen  0.11/turn              x - ring of flight
MPRegen  0.12/turn              (no ring)

@: no status effects
A: negative energy resistance 1, electricity resistance, unbreathing,
petrification resistance, rot immunity, AC +4
a: Evoke Flight


You were on level 4 of the Dungeon.
You were hungry.

You visited 1 branch of the dungeon, and saw 4 of its levels.

You collected 208 gold pieces.

Inventory:

Hand Weapons
 b - a +0 flail (weapon)
 h - a +0 dagger
 l - a cursed -2 dagger
 r - a +0 dagger
 D - a +0 dagger
 E - a +0 dagger
 M - a +0 dagger
Missiles
 q - 5 needles of frenzy
 N - 38 arrows
 P - 31 stones
 Y - 2 tomahawks (quivered)
Armour
 g - a +2 robe of fire resistance (worn)
 k - a +0 shield
 H - a +0 helmet (worn)
Jewellery
 x - a ring of flight (left hand)
Scrolls
 a - 5 scrolls of teleportation
 c - 2 scrolls of remove curse
 i - 3 scrolls of identify {unknown}
 m - a scroll of magic mapping {unknown}
 n - a scroll of blinking {unknown}
 w - a scroll of noise {unknown}
 y - 2 scrolls of fear {unknown}
Potions
 f - a potion of curing
 p - a potion of brilliance {unknown}
 s - 2 potions of degeneration {unknown}
 I - a potion of invisibility
 J - a potion of heal wounds {unknown}
 Q - a potion of haste {unknown}
 X - a potion of flight {unknown}
Books
 e - a book of Geomancy

   Spells                             Type                      Level
   a - Sandblast                      Earth                        1
   b - Passwall                       Transmutation/Earth          2
   c - Stone Arrow                    Conjuration/Earth            3
   d - Petrify                        Transmutation/Earth          4
   e - Lee's Rapid Deconstruction     Earth                        5
Comestibles
 d - 5 rations


   Skills:
 + Level 1.5 Fighting
 + Level 2.3 Maces & Flails
 + Level 2.5 Dodging
 - Level 3.0 Stealth
 + Level 3.8 Spellcasting
 + Level 1.6 Conjurations
 + Level 1.0 Transmutations
 + Level 5.2 Earth Magic


You had 2 spell levels left.
You knew the following spells:

 Your Spells              Type           Power        Failure   Level  Hunger
a - Sandblast             Erth           ###...       1%          1    None
b - Passwall              Tmut/Erth      ##........   6%          2    ##.....
c - Stone Arrow           Conj/Erth      ###...       11%         3    ###....
d - Petrify               Tmut/Erth      ##......     38%         4    ####...


Dungeon Overview and Level Annotations

Branches:
Dungeon (4/15)
 Temple: D:4-7

Altars:

Annotations:
D:4 Natasha


Innate Abilities, Weirdness & Mutations

You are resistant to torment.
Your stone body is resilient. (AC +4)
You are immune to poison.
You resist negative energy. (rN+)
You are resistant to electric shocks. (rElec)
You can survive without breathing.
You are immune to petrification.
You are immune to rotting.


Message History

You stop training Maces & Flails.
b - a +0 flail You resume training Maces & Flails.
Wield which item (- for none, * to show all)? (? for menu, Esc to quit)
b - a +0 flail (weapon)
Wield which item (- for none, * to show all)? (? for menu, Esc to quit)
Okay, then.
There is a stone staircase leading down here.
You climb downwards.
There is a stone staircase leading up here.
Done exploring.
There is a stone staircase leading down here.
You climb downwards.
Level annotation: Natasha The ogre hits you with a giant club!
* * * LOW HITPOINT WARNING * * *
There is a stone staircase leading up here.
The ogre hits you with a giant club!!
Ouch! That really hurt!
You die...

# #.....## .. #
#.....## #.. #
#..#...### #...
##.###....####...#
#..# ###.......#
#..# ##.....## #..#
##..### #..# #..#
## ##..#######@.#
...###..........O##
>...............<#
####....#########.#
###.## ## #..# #..#
#..# #..#


You could see an ogre.

Vanquished Creatures
  Sigmund (D:2)
  An ogre (D:3)
  An orc priest (D:3)
  An iguana (D:4)
  3 gnolls (D:2)
  2 adders (D:3)
  2 dart slugs (D:1)
  2 leopard geckos (D:3)
  3 orcs (D:3)
  4 giant cockroaches
  9 hobgoblins
  3 jackals (D:3)
  9 kobolds
  A ball python (D:1)
  10 bats
  5 frilled lizards
  6 goblins
  6 rats
69 creatures vanquished.

Notes
Turn   | Place    | Note
-------+----------+-------------------------------------------
     0 | D:1      | Supreme the Gargoyle Earth Elementalist began the quest for the Orb.
     0 | D:1      | Reached XP level 1. HP: 10/10 MP: 3/3
   197 | D:1      | Reached XP level 2. HP: 11/15 MP: 0/5
   201 | D:1      | Learned a level 2 spell: Passwall
   244 | D:1      | Reached skill level 4 in Earth Magic
   510 | D:1      | Reached XP level 3. HP: 19/19 MP: 6/6
   649 | D:2      | Reached skill level 1 in Maces & Flails
   697 | D:2      | Reached XP level 4. HP: 24/24 MP: 5/7
   702 | D:2      | Learned a level 3 spell: Stone Arrow
  1063 | D:2      | Noticed Sigmund
  1217 | D:3      | Reached skill level 1 in Conjurations
  1346 | D:3      | Noticed an ogre
  1808 | D:1      | Reached XP level 5. HP: 26/28 MP: 9/9
  2054 | D:4      | Noticed an ogre
  2079 | D:4      | Noticed an ogre
  2103 | D:4      | Reached skill level 1 in Fighting
  2133 | D:4      | Noticed Natasha
  2198 | D:3      | Killed an ogre
  2198 | D:3      | Reached XP level 6. HP: 34/34 MP: 1/10
  2204 | D:3      | Learned a level 4 spell: Petrify
  2762 | D:2      | Killed Sigmund
  2762 | D:2      | Reached skill level 1 in Transmutations
  2762 | D:2      | Reached skill level 5 in Earth Magic
  2876 | D:4      | Mangled by an ogre

Skill      XL: |  1  2  3  4  5  6 |
---------------+-------------------+-----
Earth Magic    | 4 5 |  5.2
Dodging        | 2 |  2.5
Maces & Flails | 1 2 |  2.3
Conjurations   | 1 |  1.6
Fighting       | 1 |  1.5
Spellcasting   | 3 |  3.8
Stealth        | 3 |  3.0
Transmutations | 1 |  1.0

Action                   |  1- 3 |  4- 6 || total
-------------------------+-------+-------++-------
Melee: Whip              |    30 |    68 ||    98
       Spear             |       |     4 ||     4
Throw: Tomahawk          |       |     5 ||     5
 Cast: Sandblast         |    25 |    22 ||    47
       Stone Arrow       |       |    26 ||    26
       Passwall          |       |     5 ||     5
       Petrify           |       |     2 ||     2
  Use: Scroll            |       |     2 ||     2
       Potion            |       |     2 ||     2
 Stab: Sleeping          |     5 |     2 ||     7
  Eat: Chunk             |       |     6 ||     6
       Ration            |       |     1 ||     1
Armor: Robe              |    19 |    35 ||    54
Dodge: Dodged            |    31 |    55 ||    86
